 Dungeon Sprint DCSS version 0.30.1-11-g7821555f0a (webtiles) character file.

Game seed: 10185415633082416500

576 booth the Cleaver (level 7, -4/70 HPs)
             Began as a Minotaur Fighter on Nov 29, 2023.
             Slain by Sonja
             ... wielding a +0 dagger of distortion
              (23 damage)
             ... in the Dungeon (Sprint I: "Red Sonja").
             The game lasted 00:03:42 (468 turns).

booth the Cleaver (Minotaur Fighter)                 Turns: 468, Time: 00:03:43

Health: -4/70      AC: 11    Str: 26    XL:     7   Next: 12%
Magic:  6/6        EV: 10    Int:  5    God:
Gold:   50         SH:  6    Dex: 12    Spells: 6/6 levels left

rFire   . . .        a - +0 war axe
rCold   . . .        c - +0 buckler
rNeg    . . .        b - +0 scale mail
rPois   .            (helmet restricted)
rElec   .            (no cloak)
rCorr   .            (no gloves)
SInv    .            e - +2 pair of boots of Duck's Teeth {+Blink Regen+ Str+6 Slay+2}
Will    .....        (no amulet) Stlth
                     (no ring)
HPRegen 1.11/turn    (no ring)
MPRegen 0.10/turn

%: no teleportation
@: slowed, very slow
A: horns 2, retaliatory headbutt
a: Evoke Blink


You were in the Dungeon.
You visited 1 branch You collected 297 gold pieces.
You spent 247 gold pieces at shops.

Inventory:

Hand Weapons
 a - a +0 war axe (weapon)
Armour
 b - a +0 scale mail (worn)
 c - a +0 buckler (worn)
 e - the +2 pair of boots of Duck's Teeth (worn) {+Blink Regen+ Str+6 Slay+2}
   (You bought it in a shop in the Dungeon)

   Str:       It affects your strength (+6).
   Slay:      It affects your accuracy & damage with ranged weapons and melee
   (+2).
   +Blink:    It lets you blink.
   Regen:     It increases your rate of health regeneration.
Wands
 k - a wand of paralysis (6)
Scrolls
 j - a scroll of blinking
 l - a scroll of acquirement {unknown}
Potions
 d - a potion of might
 f - a potion of heal wounds
 g - a potion of haste
 h - 3 potions of magic
 i - a potion of berserk rage


   Skills:
 + Level 9.5 Fighting
 * Level 10.9 Axes
 + Level 9.3 Armour
 + Level 0.3 Dodging
 + Level 9.5 Shields


You had 6 spell levels left.
You didn't know any spells.
Your spell library was empty.

Dungeon Overview and Level Annotations

Branches:
Dungeon (1/1)

Altars:
Cheibriados
Dithmenos
Elyvilon
Fedhas
Gozag
Hepliaklqana
Kikubaaqudgha
Makhleb
Nemelex Xobeh
Okawaru
Qazlal
Ru
Sif Muna
Trog
Uskayaw
Vehumet
Wu Jian
Xom
Yredelemnul
Zin
The Shining One
Jiyva
Lugonu

Shops:
D *

Annotations:
D Sonja


Innate Abilities, Weirdness & Mutations

You have a pair of horns on your head.
You reflexively headbutt those who attack you in melee.


Message History

Sonja is heavily wounded.
You block Sonja's attack. Sonja hits you but does no damage. x2
You completely miss Sonja.
Sonja is heavily wounded.
Sonja hits you but does no damage. Space warps around you.
Sonja hits you with a +0 dagger of distortion. x2
Space warps around you. You block Sonja's attack.
Sonja hits you but does no damage. Space warps around you.
Sonja hits you but does no damage.
You blink.
Sonja throws a curare-tipped dart.
The curare-tipped dart hits you.
You are poisoned.
You have difficulty breathing.
* * * LOW HITPOINT WARNING * * *
You feel yourself slow down.
There is an open door here.
You feel sick.
You close the door.
You feel sick.
Sonja opens the door.
Sonja gestures wildly while chanting.
Sonja blinks!
You start resting.
You feel stable enough to blink again.
You feel sick.
You are no longer poisoned.
You start resting.
Sonja is nearby!
Sonja twirls her cape.
Sonja gestures wildly while chanting.
Sonja blinks!
You block Sonja's attack.
Sonja hits you with a +0 dagger of distortion.
* * * LOW HITPOINT WARNING * * *
Sonja closely misses you.
There is an open door here.
You completely miss Sonja.
Sonja is heavily wounded.
Sonja closely misses you. Sonja barely misses you. You block Sonja's attack.
Sonja hits you with a +0 dagger of distortion.
* * * LOW HITPOINT WARNING * * *
Space warps horribly around you!!
You die...

###################
#<.#..)..#..'..#__#
#..)..#..)..#..'..+
#..#####'#####'#__# #
#..####..#...#.####()#
#..#__####..##[#§§~.c#
#..#_____##@#_.+§§
#⌠⌠#_.∩...§.K._#~§§§
####_..__##_.#'# +##
#_____###'#.# #######
#.### $.$ #$.$# ##.##
#+#


You could see Sonja.

Vanquished Creatures
  A slime creature (D)
  Sigmund (D)
  A yak (D)
  An ogre (D)
  A jelly (D)
  Ijyb (D)
6 creatures vanquished.

Notes
Turn   | Place    | Note
-------+----------+-------------------------------------------
     0 | D        | booth the Minotaur Fighter began the quest for the Orb.
     0 | D        | Reached XP level 1. HP: 19/19 MP: 0/0
     2 | D        | Noticed Ijyb
     5 | D        | Paralysed by Ijyb for 3 turns
     9 | D        | Killed Ijyb
    10 | D        | Reached skill level 5 in Fighting
    10 | D        | Reached skill level 3 in Axes
    10 | D        | Reached skill level 5 in Armour
    10 | D        | Reached skill level 5 in Shields
    10 | D        | Reached XP level 2. HP: 29/29 MP: 1/1
    15 | D        | Noticed an ogre
    19 | D        | Killed an ogre
    20 | D        | Reached skill level 5 in Axes
    20 | D        | Reached XP level 3. HP: 38/38 MP: 2/2
    20 | D        | Reached XP level 4. HP: 45/45 MP: 3/3
   133 | D        | Noticed Sigmund
   148 | D        | Killed Sigmund
   149 | D        | Reached skill level 8 in Axes
   149 | D        | Reached XP level 5. HP: 41/53 MP: 4/4
   205 | D        | Found an ornate altar of the Wu Jian Council.
   205 | D        | Found a shimmering blue altar of Sif Muna.
   215 | D        | Reached XP level 6. HP: 45/62 MP: 5/5
   215 | D        | Found a radiant altar of Vehumet.
   249 | D        | Found Pynoup's Assorted Antiques.
   249 | D        | Found an ancient bone altar of Kikubaaqudgha.
   249 | D        | Found a hazy altar of Hepliaklqana.
   249 | D        | Found a stormy altar of Qazlal.
   249 | D        | Found a hide-covered altar of Uskayaw.
   249 | D        | Found a blossoming altar of Fedhas.
   249 | D        | Found a bloodstained altar of Trog.
   249 | D        | Found an iron altar of Okawaru.
   249 | D        | Found a basalt altar of Yredelemnul.
   249 | D        | Found a glowing golden altar of the Shining One.
   249 | D        | Found a snail-covered altar of Cheibriados.
   249 | D        | Found a sacrificial altar of Ru.
   249 | D        | Found a glowing silver altar of Zin.
   249 | D        | Found a shadowy altar of Dithmenos.
   249 | D        | Found a white marble altar of Elyvilon.
   249 | D        | Noticed a yak
   255 | D        | Killed a yak
   256 | D        | Reached skill level 9 in Axes
   256 | D        | Found an opulent altar of Gozag.
   257 | D        | Found a sparkling altar of Nemelex Xobeh.
   278 | D        | Bought a pair of fading boots for 247 gold pieces
   278 | D        | Identified the +2 pair of boots of Duck's Teeth {+Blink
                  | Regen+ Str+6 Slay+2} (You bought it in a shop in the
                  | Dungeon)
   292 | D        | Noticed a centaur warrior
   298 | D        | Found a burning altar of Makhleb.
   298 | D        | Found a viscous altar of Jiyva.
   298 | D        | Found a shimmering altar of Xom.
   298 | D        | Found a corrupted altar of Lugonu.
   298 | D        | Noticed a slime creature
   305 | D        | Killed a slime creature
   306 | D        | Reached skill level 10 in Axes
   306 | D        | Reached XP level 7. HP: 37/70 MP: 6/6
   454 | D        | Noticed Sonja
   468 | D        | Slain by Sonja

Illustrated notes

Levels and vault maps discovered:
D:        dungeon_sprint_1 [red_sonja_temple_1, red_sonja_temple_small_1]

Skill      XL: |  1  2  3  4  5  6 |
---------------+-------------------+-----
Fighting       | 5 6 8 9 |  9.5
Axes           | 3 5 8 10 | 10.9
Armour         | 5 6 8 9 |  9.3
Shields        | 5 6 8 9 |  9.5
Dodging        | |  0.3

Action                     |  1- 3 |  4- 6 |  7- 9 || total
---------------------------+-------+-------+-------++-------
  Melee: War axe           |     7 |    22 |     6 ||    35
         Headbutt          |     3 |     6 |     1 ||    10
Ability: Evoke Blink       |       |       |     1 ||     1
    Use: Potion            |       |     1 |       ||     1
 Armour: Scale mail        |     1 |     5 |    11 ||    17
  Dodge: Dodged            |     5 |     2 |     7 ||    14
  Block: Buckler           |     3 |     1 |     4 ||     8
